Map: 에버 드림 - 래더

Players

Zest

  • Race: Protoss Protoss
  • Spawn Location: 7:00

PtitDrogo - Winner!

  • Race: Protoss Protoss
  • Spawn Location: 1:00

Event: StayAtHomestory Cup #2

VOD

Have the link to the VOD?

Description

Time

  • Played on: June 12, 2020, 3:54 p.m.
  • Length: 7:50

All games in this series

Show
View Real Time Build Order
Export as new Build Order

Zest Protoss 

Build Orders:  

Get SALT Encoding   

  12  0:00  Probe  
  13  0:13  Probe  
  14  0:17  Pylon  
  14  0:24  Probe  
  15  0:32  Probe  
  15  0:36  Gateway  
  15  0:40  Probe  
  16  0:46  Assimilator  
  17  0:51  Probe  
  17  0:54  Assimilator  
  18  0:59  Probe  
  19  1:07  Probe, Gateway  
  19  1:17  Probe  
  20  1:23  Cybernetics Core  
  21  1:29  Probe  
  22  1:33  Pylon  
  22  1:41  Probe  
  23  1:50  Warp Gate  
  23  1:54  Probe  
  24  1:59  Stalker x2  
  28  2:07  Pylon  
  28  2:29  Stalker x2  
  32  2:48  Nexus  
  32  2:50  Probe  
  33  2:59  Sentry  
  33  3:00  Sentry  
  33  3:02  Pylon  
  38  3:05  Probe  
  38  3:16  Robotics Facility  
  38  3:18  Probe  
  39  3:30  Probe  
  40  3:39  Sentry, Stalker  
  44  3:42  Probe  
  45  3:54  Probe  
  46  4:03  Probe  
  46  4:06  Probe  
  46  4:09  Stalker  
  50  4:10  Stalker  
  50  4:16  Probe  
  53  4:17  Observer  
  53  4:18  Probe  
  55  4:28  Probe, Warp Prism  
  55  4:30  Adept x2  
  59  4:44  Shield Battery  
  59  4:50  Adept  
  61  4:55  Pylon  
  61  4:58  Shield Battery  
  61  5:01  Probe  
  62  5:13  Probe  
  61  5:16  Adept  
  61  5:17  Adept  
  61  5:19  Observer  
  61  5:20  Probe  
  62  5:30  Twilight Council  
  62  5:31  Probe  
  62  5:32  Shield Battery  
  60  5:37  Probe  
  60  5:44  Probe  
  60  5:47  Resonating Glaives  
  60  5:49  Probe  
  60  5:56  Probe  
  61  5:59  Adept x2  
  61  6:01  Probe  
  61  6:03  Gateway  
  66  6:04  Gateway  
  66  6:11  Immortal  
  70  6:19  Shield Battery  
  70  6:23  Shield Battery  
  70  6:28  Shield Battery  
  70  6:33  Pylon  
  70  6:40  Pylon  
  70  6:43  Pylon  
  66  6:54  Adept x2  
  60  7:07  Adept x2  
  62  7:10  Immortal  
  62  7:18  Adept x2  
  60  7:30  Adept x2  
  60  7:35  Pylon  
  56  7:39  Adept x2  
Show
View Real Time Build Order
Export as new Build Order

PtitDrogo Protoss - Winner!

Build Orders: Phoenix Opening 

Get SALT Encoding   

  12  0:00  Probe  
  13  0:12  Probe  
  14  0:17  Pylon  
  14  0:24  Probe  
  15  0:32  Probe  
  15  0:38  Gateway  
  15  0:40  Probe  
  16  0:46  Assimilator  
  17  0:51  Probe  
  17  0:54  Assimilator  
  18  0:59  Probe  
  19  1:07  Probe, Gateway  
  19  1:17  Probe  
  21  1:25  Cybernetics Core  
  21  1:29  Probe  
  22  1:35  Pylon  
  22  1:42  Probe  
  23  1:53  Warp Gate  
  23  1:54  Probe  
  24  2:02  Stalker  
  24  2:03  Sentry  
  24  2:06  Probe  
  29  2:12  Pylon  
  29  2:19  Probe  
  30  2:24  Pylon  
  30  2:30  Stalker  
  30  2:32  Stalker  
  30  2:36  Phoenix  
  34  2:51  Nexus  
  34  2:57  Shield Battery  
  34  3:07  Probe  
  34  3:09  Robotics Facility  
  35  3:13  Sentry  
  35  3:18  Pylon  
  37  3:21  Probe  
  38  3:33  Probe  
  39  3:45  Adept, Probe  
  39  3:47  Adept  
  44  3:54  Probe  
  44  3:55  Immortal  
  44  4:01  Probe  
  44  4:02  Probe  
  45  4:09  Probe  
  51  4:11  Probe  
  53  4:17  Probe  
  53  4:19  Twilight Council  
  50  4:31  Immortal  
  50  4:38  Probe x2  
  50  4:41  Adept x2  
  54  4:54  Resonating Glaives  
  54  4:55  Gateway x2  
  54  5:01  Warp Prism  
  54  5:02  Adept x2  
  60  5:22  Adept  
  60  5:26  Adept  
  60  5:27  Immortal  
  58  5:43  Adept, Probe  
  60  5:50  Stalker  
  62  5:58  Gateway  
  62  5:59  Gateway  
  62  6:04  Pylon  
  62  6:07  Gateway  
  62  6:15  Probe, Pylon  
  62  6:16  Probe  
  61  6:19  Adept  
  61  6:22  Adept x3  
  66  6:28  Probe x2  
  68  6:40  Probe  
  68  6:42  Adept  
  68  6:43  Adept x3  
  75  6:56  Adept x2  
  75  6:57  Probe  
  78  7:06  Pylon  
  78  7:08  Pylon  
  78  7:17  Adept  
  78  7:21  Adept x3  
  70  7:27  Adept x2  
  70  7:28  Adept x4  
  64  7:49  Adept x7  
Tags
 
Add a new tag
Caveats
  • Supply blocks, unpowered buildings, or Contaminate may cause inaccurate times.
  • Supply counts are checked every 10 seconds.